 Dungeon Crawl Stone Soup version 0.28-a0-1435-g82390b3a13 (webtiles) character file.

Game seed: 12091999831426767550

2438 hashsling the Spear-Bearer (level 9, -10/62 HPs)
             Began as a Merfolk Gladiator on Jan 9, 2022.
             Was an Elder of Hepliaklqana.
             Killed from afar by Maggie (28 damage)
             ... with a bolt of fire
             ... on level 8 of the Dungeon.
             The game lasted 00:57:19 (5847 turns).

hashsling the Spear-Bearer (Merfolk Gladiator)      Turns: 5847, Time: 00:57:23

Health: -10/62     AC:  5    Str: 18    XL:     9   Next: 49%
Magic:  11/11      EV: 15    Int:  8    God:    Hepliaklqana [****..]
Gold:   349        SH:  0    Dex: 15    Spells: 8/11 levels left

rFire   x . .      SeeInvis .   a - +3 spear
rCold   + + .      Faith    .   (no shield)
rNeg    . . .      Spirit   .   f - +0 leather armour
rPois   .          Reflect  .   C - +0 helmet
rElec   .          Harm     .   t - +0 cloak
rCorr   .          Rampage  .   (no gloves)
Will    .....                   (no boots)
Stlth   +.........              J - amulet of magic regeneration
HPRegen 1.00/turn               D - ring of ice
MPRegen 0.52/turn               B - ring of protection from cold

@: mesmerised
A: reduced essence, (nimble swimmer 2), mertail, regeneration 1, sturdy frame 1
a: Renounce Religion, Recall Ancestor, Ancestor Identity, Transference, Idealise


You were on level 8 of the Dungeon.
You worshipped Hepliaklqana.
Hepliaklqana was greatly pleased with you.
You visited 1 branch of the dungeon, and saw 8 of its levels.

You collected 399 gold pieces.
You spent 50 gold pieces at shops.

Inventory:

Hand Weapons
 a - a +3 spear (weapon)
 b - a +0 hunting sling
 w - a +1 spear of flaming
 G - a +4 short sword
 H - a +2 spear of freezing
Missiles
 c - 2 boomerangs
 g - 292 stones
 h - 14 poisoned darts
 k - 84 bolts
Armour
 f - a +0 leather armour (worn)
 p - an orb of guile
 t - a +0 cloak (worn)
 C - a +0 helmet (worn)
Magical Staves
 j - a staff of cold
Jewellery
 B - a ring of protection from cold (right hand)
 D - a ring of ice (left hand)
 J - an amulet of magic regeneration (around neck)
 L - a ring of ice
Wands
 I - a wand of flame (15) (quivered)
Scrolls
 d - 4 scrolls of teleportation {unknown}
 e - a scroll of acquirement {unknown}
 l - a scroll of enchant weapon {unknown}
 n - 4 scrolls of enchant armour {unknown}
 q - 4 scrolls of identify {unknown}
 u - a scroll of immolation {unknown}
 v - 2 scrolls of amnesia {unknown}
 y - a scroll of noise {unknown}
 z - a scroll of fog {unknown}
 A - a scroll of torment {unknown}
 E - a scroll of holy word {unknown}
 N - 2 scrolls of vulnerability {unknown}
Potions
 i - 2 potions of curing
 m - a potion of ambrosia {unknown}
 o - a potion of cancellation {unknown}
 r - a potion of mutation
 s - a potion of resistance {unknown}
 F - a potion of attraction {unknown}
 K - a potion of lignification {unknown}
 O - a potion of magic
 P - a potion of brilliance {unknown}


   Skills:
 * Level 5.6 Fighting
 * Level 11.2 Polearms
 * Level 5.8 Throwing
 * Level 3.0 Armour
 * Level 6.6 Dodging
 * Level 1.5 Spellcasting
 * Level 1.2 Hexes
 + Level 0.2 Summonings
 * Level 1.3 Ice Magic
 - Level 1.0 Invocations
 * Level 1.1 Evocations


You had 8 spell levels left.
You knew the following spells:

 Your Spells              Type           Power      Damage    Failure   Level
a - Summon Small Mammal   Summ           0%         N/A       36%         1
b - Ensorcelled Hibernat  Hex/Ice        6%         N/A       34%         2

Your spell library contained the following spells:

 Spells                   Type           Power      Damage    Failure   Level
 Passwall                 Tmut/Erth      0%         N/A       52%         2
 Tukima's Dance           Hex            2%         N/A       56%         3
 Summon Guardian Golem    Hex/Summ       1%         N/A       65%         3
 Call Canine Familiar     Summ           0%         N/A       73%         3
 Swiftness                Air            0%         N/A       75%         3
 Enfeeble                 Hex            1%         N/A       100%        7


Dungeon Overview and Level Annotations

Branches:
Dungeon (8/15)             Temple (0/1) D:7
   Lair: D:8-11

Altars:
Cheibriados
Elyvilon
Hepliaklqana
Sif Muna
Trog
Vehumet

Shops:
D:3 (=*![   D:7 *

Annotations:
D:8 Maggie


Innate Abilities, Weirdness & Mutations

Your life essence is reduced to manifest your ancestor. (-10% HP)
((You are very nimble when in or above water. (Stealth+, EV+, Speed+++)))
Your lower body shifts to a powerful aquatic tail in water.
Your natural rate of healing is unusually fast.
Your movements are slightly less encumbered by armour. (ER -2)


Message History

Throw: 3 darts (curare)
Press: ? - help, Q - select action, (/) - cycle Shift-Dir - straight line, f/p - Maggie
Aim: Maggie, wielding the +9 lance "Wyrmbane" {slay drac, rPois rF+ rC+ AC+3} and wearing +0 steam dragon scales (lightly wounded, mesmerising, ally target, 63% to hit)
You throw a curare-tipped dart. Hello Kitty Chan avoids your attack.
The curare-tipped dart closely misses Maggie.
Hello Kitty Chan hits Maggie with a +0 flail!
Maggie hits Hello Kitty Chan with the +9 lance "Wyrmbane" {slay drac, rPois rF+ rC+ AC+3}.
Throw: 2 darts (curare)
Press: ? - help, Q - select action, (/) - cycle Shift-Dir - straight line, f/p - Maggie
Aim: Maggie, wielding the +9 lance "Wyrmbane" {slay drac, rPois rF+ rC+ AC+3} and wearing +0 steam dragon scales (heavily wounded, mesmerising, ally target, 63% to hit)
You throw a curare-tipped dart. Hello Kitty Chan avoids your attack.
The curare-tipped dart closely misses Maggie.
Hello Kitty Chan barely misses Maggie.
Throw: dart (curare)
Press: ? - help, Q - select action, (/) - cycle Shift-Dir - straight line, f/p - Maggie
Aim: Maggie, wielding the +9 lance "Wyrmbane" {slay drac, rPois rF+ rC+ AC+3} and wearing +0 steam dragon scales (heavily wounded, mesmerising, ally target, 63% to hit)
You throw a curare-tipped dart. Hello Kitty Chan avoids your attack.
The curare-tipped dart hits Maggie.
Maggie is heavily wounded.
Hello Kitty Chan blocks Maggie's attack.
Hello Kitty Chan hits Maggie with a +0 flail.
Aiming: Throw Flame
Press: ? - help, Q - select action, (/) - cycle Shift-Dir - straight line, f/p - Maggie
Aim: Maggie, wielding the +9 lance "Wyrmbane" {slay drac, rPois rF+ rC+ AC+3} and wearing +0 steam dragon scales (heavily wounded, mesmerising, ally target, 68% to hit)
Hello Kitty Chan avoids your attack.
The puff of flame hits Maggie.
Maggie resists.
Maggie is heavily wounded.
Maggie mumbles the words to a spell, but in the wrong order.
Maggie hits Hello Kitty Chan with the +9 lance "Wyrmbane" {slay drac, rPois rF+ rC+ AC+3}.
Hello Kitty Chan hits Maggie with a +0 flail.
Aiming: Throw Flame
Press: ? - help, Q - select action, (/) - cycle Shift-Dir - straight line, f/p - Maggie
Aim: Maggie, wielding the +9 lance "Wyrmbane" {slay drac, rPois rF+ rC+ AC+3} and wearing +0 steam dragon scales (heavily wounded, mesmerising, ally target, 68% to hit)
Hello Kitty Chan avoids your attack.
The puff of flame misses Maggie.
Maggie points at you and mumbles some strange words.
The bolt of fire hits Hello Kitty Chan!
Hello Kitty Chan resists.
Hello Kitty Chan is destroyed!
The bolt of fire hits you!! The fire burns you terribly!
You die...

#...# #...#......#
##...#......# .
.....#......# ..
.....#......# ...
.....#......# ....
.....#......# ...(.
###'##......#######@.....
................@ยง.......
.......####.#######.(....
.......####.## .....
.............# ####
.............#
###..........#
#..........# #..........#
#..........#


You could see Maggie (mesmerising).

Vanquished Creatures
  Grinder (D:4)
  A steam dragon (D:8)
  An ice beast (D:7)
  An orc warrior (D:7)
  2 sky beasts
  A black bear (D:6)
  A wyvern zombie (D:8)
  2 centaur zombies
  4 hounds
  A bullfrog skeleton (D:5)
  An iguana (D:6)
  Terence (D:2)
  2 orc wizards (D:7)
  A howler monkey zombie (D:8)
  6 adders
  2 gnolls (D:4)
  A white imp (D:7)
  An adder skeleton (D:4)
  2 dart slugs
  4 orcs
  4 endoplasms
  5 giant cockroaches
  11 goblins
  8 hobgoblins
  8 kobolds
  3 quokkas
  8 ball pythons
  6 bats
  4 frilled lizards
  8 rats
101 creatures vanquished.

Vanquished Creatures (collateral kills)
  Menkaure (D:5)
  A steam dragon (D:8)
  A hornet zombie (D:4)
  A black bear (D:5)
  2 centaurs
  2 ogres
  4 wights (D:6)
  A bullfrog zombie (D:5)
  A centaur zombie (D:6)
  An iguana (D:7)
  A howler monkey zombie (D:7)
  A gnoll (D:4)
  A howler monkey skeleton (D:6)
  2 adders
  A shadow imp (D:6)
  3 white imps
  4 orcs
  A hobgoblin (D:3)
  A quokka (D:3)
  5 ball pythons
  A bat (D:3)
36 creatures vanquished.

Vanquished Creatures (others)
  An ancestor (D:2)
  3 knights
  4 plants (D:3)
8 creatures vanquished.

Grand Total: 145 creatures vanquished

Notes
Turn   | Place    | Note
-------+----------+-------------------------------------------
     0 | D:1      | hashsling the Merfolk Gladiator began the quest for the
                  | Orb.
     0 | D:1      | Reached XP level 1. HP: 16/16 MP: 1/1
   273 | D:1      | Reached XP level 2. HP: 22/22 MP: 2/2
   520 | D:1      | Reached skill level 5 in Polearms
   756 | D:1      | Reached XP level 3. HP: 28/28 MP: 3/3
   769 | D:1      | Learned a level 1 spell: Summon Small Mammal
  1121 | D:1      | Found a faded altar of an unknown god.
  1180 | D:1      | Prayed at the altar of an unknown god.
  1180 | D:1      | Became a worshipper of Hepliaklqana the Forgotten
  1180 | D:1      | Reached * piety under Hepliaklqana
  1337 | D:2      | Gained mutation: Your movements are slightly less
                  | encumbered by armour. (ER -2) [potion of mutation]
  1337 | D:2      | Gained mutation: Your natural rate of healing is unusually
                  | fast. [potion of mutation]
  1542 | D:2      | Reached XP level 4. HP: 29/30 MP: 2/4
  1581 | D:2      | Noticed Terence
  1600 | D:2      | Killed Terence
  1601 | D:2      | Reached skill level 6 in Polearms
  1962 | D:3      | Found Como Goi's Distillery.
  2021 | D:3      | Reached ** piety under Hepliaklqana
  2022 | D:3      | Remembered your ancestor Hello Kitty Chan as a knight
  2138 | D:3      | Reached XP level 5. HP: 36/36 MP: 5/5
  2153 | D:3      | Reached skill level 1 in Armour
  2224 | D:3      | Found a radiant altar of Vehumet.
  2287 | D:3      | Found Ynimelor's Antique Armour Shoppe.
  2353 | D:3      | Found a snail-covered altar of Cheibriados.
  2367 | D:3      | Found Inoah's Jewellery Emporium.
  2373 | D:3      | Found Hogeohodott's Antique Weapon Emporium.
  2385 | D:3      | Learned a level 2 spell: Ensorcelled Hibernation
  2412 | D:3      | Found Niolaopn's Assorted Antiques.
  2577 | D:4      | Reached skill level 7 in Polearms
  2680 | D:4      | Reached skill level 5 in Dodging
  2732 | D:4      | Noticed Grinder
  2760 | D:4      | Paralysed by Grinder for 7 turns
  2802 | D:4      | Paralysed by Grinder for 7 turns
  2814 | D:4      | Killed Grinder
  2815 | D:4      | Reached skill level 8 in Polearms
  2815 | D:4      | Reached XP level 6. HP: 14/43 MP: 4/6
  2896 | D:4      | Reached XP level 7. HP: 47/47 MP: 7/7
  3330 | D:5      | Entered Level 5 of the Dungeon
  3431 | D:5      | Noticed Menkaure
  3437 | D:5      | Killed Menkaure
  3438 | D:5      | Reached skill level 9 in Polearms
  3484 | D:5      | Reached *** piety under Hepliaklqana
  3679 | D:5      | Reached XP level 8. HP: 54/54 MP: 8/8
  3792 | D:5      | Found a shimmering blue altar of Sif Muna.
  3943 | D:5      | Found a bloodstained altar of Trog.
  4276 | D:6      | Reached skill level 5 in Fighting
  4276 | D:6      | Reached skill level 10 in Polearms
  4373 | D:6      | Reached skill level 5 in Throwing
  4433 | D:6      | Reached **** piety under Hepliaklqana
  4753 | D:7      | Found a staircase to the Ecumenical Temple.
  4812 | D:7      | Reached XP level 9. HP: 61/61 MP: 8/10
  4814 | D:7      | Reached skill level 1 in Spellcasting
  4912 | D:7      | Found a white marble altar of Elyvilon.
  5024 | D:7      | Found Fety's General Store.
  5286 | D:3      | Bought a potion of heal wounds for 50 gold pieces
  5643 | D:8      | Reached skill level 11 in Polearms
  5680 | D:8      | Reached skill level 1 in Ice Magic
  5710 | D:8      | Reached skill level 1 in Invocations
  5784 | D:8      | Reached skill level 1 in Hexes
  5784 | D:8      | Reached skill level 1 in Evocations
  5788 | D:8      | HP: 2/61 [steam dragon/ball of steam (28)]
  5825 | D:8      | Noticed Maggie
  5847 | D:8      | Killed from afar by Maggie

Illustrated notes

Levels and vault maps discovered:
D:1:      dpeg_arrival_connections, layout_basic, ebering_ecumenical_altar_box,
          serial_park_tiny_1
D:2:      layout_loops_ring, uniq_terence
D:3:      layout_rooms, lemuel_coloured_pillars_altar,
          mainiacjoe_overflow_24_doors, serial_shops,
          nicolae_shop_advertising_works [nicolae_subvault_shop_adworks],
          nicolae_square_shop, shop, nicolae_shop_waterfront,
          nicolae_square_shop, minmay_shallow_snake_nest
D:4:      layout_rooms, minivault_5, grunt_ministairs_15, uniq_grinder
D:5:      layout_loops_corners, trog_butcher_becter,
          nicolae_sif_muna_condensation, uniq_menkaure
D:6:      layout_basic
D:7:      layout_rooms, kennysheep_little_box, minmay_temple_entry_slanted,
          serial_shops, shop_fountains
D:8:      layout_basic, lightli_minifort, uniq_maggie

Skill      XL: |  1  2  3  4  5  6  7  8  9 |
---------------+----------------------------+-----
Polearms       | 5 6 8 9 10 11 | 11.2
Fighting       | 3 4 5 |  5.6
Armour         | 1 2 3 |  3.0
Dodging        | 5 6 |  6.6
Throwing       | 3 5 |  5.8
Spellcasting   | 1 |  1.5
Ice Magic      | 1 |  1.3
Invocations    | 1 |  1.0
Hexes          | 1 |  1.2
Evocations     | 1 |  1.1
Summonings     | |  0.2

Action                   |  1- 3 |  4- 6 |  7- 9 || total
-------------------------+-------+-------+-------++-------
Melee: Trident           |    99 |    63 |       ||   162
       Punch             |     2 |     1 |     3 ||     6
       Spear             |       |    25 |   134 ||   159
 Fire: Hunting sling     |     3 |    12 |    12 ||    27
Throw: Throwing net      |     3 |     3 |       ||     6
       Dart              |       |    17 |    38 ||    55
       Stone             |       |     1 |       ||     1
       Boomerang         |       |       |    15 ||    15
 Cast: Summon Small Mamm |     1 |     2 |       ||     3
       Ensorcelled Hiber |       |       |     5 ||     5
Invok: Ancestor Identity |     1 |       |       ||     1
       Ancestor Life: Kn |       |     1 |       ||     1
       Recall Ancestor   |       |       |     1 ||     1
       Transference      |       |       |     1 ||     1
Evoke: Wand              |       |       |     2 ||     2
  Use: Potion            |     2 |       |     3 ||     5
 Stab: Distracted        |     1 |     1 |     3 ||     5
       Sleeping          |       |     2 |     1 ||     3
Armor: Leather armour    |    20 |    11 |     8 ||    39
Dodge: Dodged            |    39 |    29 |    30 ||    98

Table legend: (Time is in decaauts)
 A = Elapsed time spent in this place.
 B = Non-inter-level travel time spent in this place.
 C = Inter-level travel time spent in this place.
 D = Time resting spent in this place.
 E = Time spent auto-exploring this place.
 F = Levels seen in this place.
 G = Mean time per level.
                   A        B        C        D        E       F      G
               +--------+--------+--------+--------+--------+-----+--------+
         Total |   5747 |   5694 |     53 |      0 |   3579 |   8 |  718.4 |
       Dungeon |   5747 |   5694 |     53 |      0 |   3579 |   8 |  718.4 |
               +--------+--------+--------+--------+--------+-----+--------+

Top non-repeatable levels by time:
     D:1: 1259 daAuts
     D:5: 1012 daAuts
     D:4: 821 daAuts
     D:3: 762 daAuts
     D:2: 655 daAuts
     D:6: 467 daAuts
     D:7: 450 daAuts
     D:8: 318 daAuts
